 Dungeon Crawl Stone Soup version 0.31-a0-636-ge1c0e020e0 (webtiles) character file.

Game seed: 6514039594334051755

239 thirtiethelement the Trooper (level 5, -2/42 HPs)
             Began as a Demonspawn Fighter on Aug 27, 2023.
             Slain by Crazy Yiuf
             ... wielding a +4 quarterstaff of chaos
              (6 damage)
             ... while petrified by Crazy Yiuf
             ... on level 2 of the Dungeon.
             The game lasted 00:02:04 (1526 turns).

thirtiethelement the Trooper (Demonspawn Fighter)   Turns: 1526, Time: 00:02:04

Health: -2/42      AC:  8    Str: 18    XL:     5   Next: 79%
Magic:  5/5        EV:  2    Int: 10    God:
Gold:   105        SH:  0    Dex: 12    Spells: 4/4 levels left

rFire   . . .        a - +0 war axe
rCold   . . .        c - +0 buckler
rNeg    + + +        b - +0 scale mail
rPois   ∞            (no helmet)
rElec   .            (no cloak)
rCorr   .            (no gloves)
SInv    .            (no boots)
Will    .....        (no amulet) Stlth
                     (no ring)
HPRegen 0.27/turn    (no ring)
MPRegen 0.09/turn

%: no passive effects
@: mighty, petrified, hasted
A: claws 1, thin metallic scales 1, foul stench 2
a: no special abilities


You were on level 2 of the Dungeon.
You visited 1 branch of the dungeon, and saw 2 of its levels.

You collected 105 gold pieces.

Inventory:

Hand Weapons
 a - a +0 war axe (weapon)
Armour
 b - a +0 scale mail (worn)
 c - a +0 buckler (worn)
Scrolls
 d - 2 scrolls of identify {unknown}
 f - a scroll of amnesia {unknown}
 g - a scroll of fear {unknown}
 i - a scroll of enchant weapon {unknown}
Potions
 e - a potion of mutation {unknown}
 h - 2 potions of brilliance {unknown}
 j - 2 potions of enlightenment {unknown}


   Skills:
 + Level 3.9 Fighting
 + Level 3.7 Axes
 + Level 3.6 Armour
 + Level 1.0 Dodging
 + Level 0.5 Stealth
 + Level 3.2 Shields


You had 4 spell levels left.
You didn't know any spells.
Your spell library was empty.

Dungeon Overview and Level Annotations

Branches:
Dungeon (2/15)

Altars:

Annotations:
D:2 Crazy Yiuf


Innate Abilities, Weirdness & Mutations

You have sharp fingernails.
You are partially covered in thin metallic scales. (AC +2)
You sometimes emit foul miasma when damaged in melee.


Message History

No target in view!
No target in view!
No target in view!
No target in view!
No target in view!
No target in view!
No target in view!
Found a hammer.
Found a runed translucent door.
Crazy Yiuf shouts!
Crazy Yiuf laughs, "Defame!
Citrus rumpyflump fast."
There is a stone staircase leading down here.
You see here a bat skeleton.
There is an escape hatch in the ceiling here.
You see here 3 stones.
There is a stone staircase leading down here.
Crazy Yiuf shouts!
Crazy Yiuf yells, "Fire green Hive!"
You open the door. You slash Crazy Yiuf!
Crazy Yiuf is heavily wounded.
Crazy Yiuf hits you with a +4 quarterstaff of chaos.
You are slowing down.
Crazy Yiuf hits you with a +4 quarterstaff of chaos!
You hit Crazy Yiuf.
Crazy Yiuf is severely wounded.
Crazy Yiuf says, "Blight shrimp rumpyflump!"
You block Crazy Yiuf's attack.
Crazy Yiuf hits you with a +4 quarterstaff of chaos.
You have turned to stone.
Crazy Yiuf hits you but does no damage.
You feel yourself speed up.
Crazy Yiuf whimpers, "Proton!
Fluff water water."
Crazy Yiuf hits you with a +4 quarterstaff of chaos.
You feel very mighty all of a sudden.
Crazy Yiuf hits you with a +4 quarterstaff of chaos!
You are electrocuted!
* * * LOW HITPOINT WARNING * * *
Crazy Yiuf hits you with a +4 quarterstaff of chaos!
* * * LOW HITPOINT WARNING * * *
You are electrocuted!
You die...

#......###....#
######).#### ##.....#
##..## #....## ##....#
♣....♣ #....# ######
♣...♣♣ #....# ♣♣.♣♣ ######
# ♣.♣♣ # ##### ♣♣.♣ ####
## #...# ♣.♣♣ ##<.# ###.
#...# ♣♣@♣ #...# ##...
#...# #g# #.#.# #..#.
#...# ... ###.####.#..
#...# #...# #.##......
#...# #..)# #....#...#
#...# ##### ##..##...##
#...# ##........##
#...###########....###.###
###.#..........##..#...# #


You could see Crazy Yiuf.

Vanquished Creatures
  Sigmund (D:2)
  Jessica (D:2)
  2 dart slugs
  5 ball pythons
  3 endoplasms
  4 giant cockroaches
  4 goblins
  5 hobgoblins
  3 quokkas (D:1)
  6 bats
  7 frilled lizards
  2 kobolds
  5 rats
48 creatures vanquished.

Notes
Turn   | Place    | Note
-------+----------+-------------------------------------------
     0 | D:1      | thirtiethelement the Demonspawn Fighter began the quest for
                  | the Orb.
     0 | D:1      | Reached XP level 1. HP: 18/18 MP: 1/1
   144 | D:1      | Gained mutation: You may rarely emit foul miasma when
                  | damaged in melee. [demonic ancestry]
   144 | D:1      | Reached XP level 2. HP: 20/24 MP: 2/2
   471 | D:1      | Gained mutation: You are partially covered in thin metallic
                  | scales. (AC +2) [demonic ancestry]
   471 | D:1      | Reached XP level 3. HP: 21/29 MP: 3/3
   971 | D:2      | Noticed Sigmund
   981 | D:2      | Killed Sigmund
   982 | D:2      | Gained mutation: You have sharp fingernails. [demonic
                  | ancestry]
   982 | D:2      | Reached XP level 4. HP: 37/37 MP: 4/4
   982 | D:2      | Gained mutation: You sometimes emit foul miasma when
                  | damaged in melee. [demonic ancestry]
   982 | D:2      | Reached XP level 5. HP: 42/42 MP: 5/5
   988 | D:2      | Noticed Jessica
   993 | D:2      | Killed Jessica
   994 | D:2      | Reached skill level 1 in Dodging
  1374 | D:2      | Found a runed translucent door.
  1375 | D:2      | Noticed Crazy Yiuf
  1526 | D:2      | Slain by Crazy Yiuf

Illustrated notes

Levels and vault maps discovered:
D:1:      dpeg_arrival_three_bigger_balls, layout_basic
D:2:      layout_rooms, uniq_jessica, uniq_sigmund, uniq_crazy_yiuf_cottage

Skill      XL: |  1  2  3  4  5 |
---------------+----------------+-----
Shields        | 3 |  3.2
Axes           | 2 3 |  3.7
Armour         | 3 |  3.6
Dodging        | 1 |  1.0
Fighting       | |  3.9
Stealth        | |  0.5

Action                     |  1- 3 |  4- 6 || total
---------------------------+-------+-------++-------
  Melee: War axe           |    79 |    52 ||   131
    Use: Potion            |     1 |       ||     1
 Armour: Scale mail        |    44 |    28 ||    72
  Dodge: Dodged            |    40 |    20 ||    60
  Block: Buckler           |    15 |    14 ||    29

Table legend: (Time is in decaauts)
 A = Elapsed time spent in this place.
 B = Non-inter-level travel time spent in this place.
 C = Inter-level travel time spent in this place.
 D = Time resting spent in this place.
 E = Time spent auto-exploring this place.
 F = Levels seen in this place.
 G = Mean time per level.
                   A        B        C        D        E       F      G
               +--------+--------+--------+--------+--------+-----+--------+
         Total |   1578 |   1537 |     41 |      0 |   1212 |   2 |  789.0 |
       Dungeon |   1578 |   1537 |     41 |      0 |   1212 |   2 |  789.0 |
               +--------+--------+--------+--------+--------+-----+--------+

Top non-repeatable levels by time:
     D:1: 921 daAuts
     D:2: 656 daAuts
